 Dungeon Crawl Stone Soup version 0.28-a0-589-g333b8329f1 (webtiles) character file.

Game seed: 10649092080928297678

110 blank1 the Cudgeller (level 4, -10/40 HPs)
             Began as a Minotaur Fighter on Oct 3, 2021.
             Killed by divine providence
             ... invoked by an orc priest
              (11 damage)
             ... on level 3 of the Dungeon.
             The game lasted 00:02:36 (1913 turns).

blank1 the Cudgeller (Minotaur Fighter)             Turns: 1913, Time: 00:02:37

Health: -10/40     AC:  7    Str: 22    XL:     4   Next: 61%
Magic:  3/3        EV: 10    Int:  5    God:
Gold:   87         SH:  4    Dex:  9    Spells: 3/3 levels left

rFire   . . .      SeeInvis .   a - +0 flail
rCold   . . .      Faith    .   c - +0 buckler
rNeg    . . .      Spirit   .   b - +0 scale mail
rPois   .          Reflect  .   (helmet restricted)
rElec   .          Harm     .   (no cloak)
rCorr   .          Rampage  .   (no gloves)
Will    .....                   (no boots)
Stlth   ..........              (no amulet)
HPRegen 0.13/turn               (no ring)
MPRegen 0.08/turn               (no ring)

@: no status effects
A: horns 2, retaliatory headbutt
a: no special abilities


You were on level 3 of the Dungeon.
You visited 1 branch of the dungeon, and saw 3 of its levels.

You collected 110 gold pieces.
You spent 23 gold pieces at shops.

Inventory:

Hand Weapons
 a - a +0 flail (weapon)
Armour
 b - a +0 scale mail (worn)
 c - a +0 buckler (worn)
Scrolls
 e - a scroll of summoning {unknown}
 f - 4 scrolls of identify {unknown}
 i - 2 scrolls of teleportation {unknown}
 j - 4 scrolls of magic mapping {unknown}
 k - a scroll of silence {unknown}
 l - a scroll of acquirement {unknown}
 m - a scroll of noise {unknown}
 n - a scroll of amnesia {unknown}
Potions
 d - a potion of might
 g - 2 potions of heal wounds {unknown}
 h - a potion of curing {unknown}


   Skills:
 + Level 4.2 Fighting
 + Level 4.3 Maces & Flails
 - Level 4.0 Armour
 - Level 2.0 Dodging
 - Level 4.0 Shields


You had 3 spell levels left.
You didn't know any spells.
Your spell library contained the following spells:

 Spells                   Type           Power      Damage    Failure   Level
 Gell's Gravitas          Tloc           0%         N/A       99%         3
 Lesser Beckoning         Tloc           0%         N/A       99%         3
 Teleport Other           Tloc           0%         N/A       99%         3


Dungeon Overview and Level Annotations

Branches:
Dungeon (3/15)

Altars:

Shops:
D:1 *


Innate Abilities, Weirdness & Mutations

You have a pair of horns on your head.
You reflexively headbutt those who attack you in melee.


Message History

There is a stone staircase leading down here.
You start resting.
HP restored.
You climb downwards.
There is a stone staircase leading up here.
There are monsters nearby!
The orc priest shouts!
The orc priest begins to cast a cantrip, but forgets the words!
The orc priest calls down the wrath of Beogh upon you.
Pain shoots through your body!
The orc priest mumbles some strange prayers to Beogh against you.
Beogh smites you!
You barely miss the orc priest.
The orc priest hits you with a +0 short sword.
You hit the orc priest.
You headbutt the orc priest, but do no damage.
The orc priest is lightly wounded.
The orc priest casts a cantrip, but nothing happens.
The orc priest looks satisfied for a moment.
Your scale mail prevents you from hitting the orc priest.
Your headbutt misses the orc priest.
The orc priest is lightly wounded.
The orc priest hits you but does no damage.
The orc priest looks satisfied for a moment.
You sock the orc priest!
You headbutt the orc priest, but do no damage.
The orc priest is severely wounded.
The orc priest hits you with a +0 hand axe!
The orc priest invokes the aid of Beogh against you.
You barely resist.
The orc priest calls down the wrath of Beogh upon you.
Beogh smites you!
* * * LOW HITPOINT WARNING * * *
You closely miss the orc priest.
The orc priest is severely wounded.
The orc priest hits you with a +0 short sword.
* * * LOW HITPOINT WARNING * * *
The orc priest invokes the aid of Beogh against you.
Beogh smites you!
You die...

####...##....####.##.# #..+
...
#...##....####.##.###.##.....
#...#...(....................
#####........._..##.#.#.#####
###### #....####...⌠##.#.#.#
#....# #....#####......#.# #
.....# #>............###.#
.....###.......oo........#
...........#.###@..<..####
....####.#.#.# #.#(#..# ....#
#+#+#+#...#.#...# ....#
...#.#.#...# ...##
.....###.#....# ...# .....
..#..#.# ...####.......
###..#.. ............. ... ..
###+#######+###


You could see 2 orc priests.

Vanquished Creatures
  A water moccasin skeleton (D:3)
  2 adders
  A worm (D:2)
  A dart slug (D:1)
  7 ball pythons
  4 bats
  6 endoplasms
  A giant cockroach (D:1)
  4 goblins
  A hobgoblin (D:1)
  2 kobolds
  3 quokkas
  3 frilled lizards
  3 rats
39 creatures vanquished.

Notes
Turn   | Place    | Note
-------+----------+-------------------------------------------
     0 | D:1      | blank1 the Minotaur Fighter began the quest for the Orb.
     0 | D:1      | Reached XP level 1. HP: 19/19 MP: 0/0
   182 | D:1      | Reached XP level 2. HP: 18/27 MP: 1/1
   760 | D:1      | Found Mefaitre's Assorted Antiques.
   769 | D:1      | Bought an amethyst potion for 23 gold pieces
   905 | D:2      | Reached XP level 3. HP: 33/33 MP: 2/2
  1462 | D:3      | Found a faded altar of an unknown god.
  1581 | D:3      | Reached XP level 4. HP: 32/40 MP: 3/3
  1913 | D:3      | HP: 1/40 [orc priest (3)]
  1913 | D:3      | Killed from afar by an orc priest

Illustrated notes

Levels and vault maps discovered:
D:1:      lightli_iron_boxes, layout_loops_cross, serial_shops,
          nicolae_shop_overgrown_old_shop
D:2:      layout_basic
D:3:      minmay_door_path, layout_basic, ebering_ecumenical_altar_abandoned,
          minmay_pentangle

Skill      XL: |  1  2  3 |
---------------+----------+-----
Fighting       | 4 |  4.2
Armour         | 4 |  4.0
Shields        | 4 |  4.0
Maces & Flails | 3 4 |  4.3
Dodging        | 2 |  2.0

Action                   |  1- 3 |  4- 6 || total
-------------------------+-------+-------++-------
Melee: Flail             |    87 |    15 ||   102
       Headbutt          |    14 |     5 ||    19
Armor: Scale mail        |    41 |     6 ||    47
Dodge: Dodged            |    43 |     4 ||    47
Block: Buckler           |    19 |       ||    19

Table legend: (Time is in decaauts)
 A = Elapsed time spent in this place.
 B = Non-inter-level travel time spent in this place.
 C = Inter-level travel time spent in this place.
 D = Time resting spent in this place.
 E = Time spent auto-exploring this place.
 F = Levels seen in this place.
 G = Mean time per level.
                   A        B        C        D        E       F      G
               +--------+--------+--------+--------+--------+-----+--------+
         Total |   1938 |   1895 |     43 |     49 |   1550 |   3 |  646.0 |
       Dungeon |   1938 |   1895 |     43 |     49 |   1550 |   3 |  646.0 |
               +--------+--------+--------+--------+--------+-----+--------+

Top non-repeatable levels by time:
     D:1: 876 daAuts
     D:2: 656 daAuts
     D:3: 405 daAuts
